 Dungeon Crawl Stone Soup version 0.29-a0-234-g0dae59b3db (webtiles) character file.

Game seed: 6148661410613602211

1687 esteth the Martial Artist (level 9, 0/53 HPs)
             Began as an Octopode Transmuter on Mar 2, 2022.
             Was an Initiate of Gozag.
             Slain by Prince Ribbit (19 damage)
             ... on level 6 of the Dungeon.
             The game lasted 00:09:32 (7019 turns).

esteth the Martial Artist (Octopode Transmuter)     Turns: 7019, Time: 00:09:33

Health: 0/53       AC:  1    Str:  9    XL:     9   Next: 2%
Magic:  12/12      EV: 16    Int: 18    God:    Gozag
Gold:   266        SH:  0    Dex: 14    Spells: 11/12 levels left

rFire   . . .      SeeInvis +   q - +7 dagger of Regicide {vorpal, +Blink rC+ rCorr SInv}
rCold   + . .      Faith    .   (no shield)
rNeg    + . .      Spirit   .   (helmet restricted)
rPois   .          Reflect  .   A - amulet of the acrobat
rElec   .          Harm     .   N - ring of positive energy
rCorr   +          Rampage  .   (no ring)
Will    .....                   (no ring)
Stlth   ++........              (no ring)
HPRegen 0.17/turn               (no ring)
MPRegen 0.13/turn               (no ring)
                                (no ring)
                                (no ring)

@: invisible
A: almost no armour, amphibious, 8 rings, camouflage 1, gelatinous body 1,
(nimble swimmer 1), tentacles
a: Renounce Religion, Evoke Blink, Potion Petition, Call Merchant, Bribe Branch


You were on level 6 of the Dungeon.
You worshipped Gozag.
Gozag was aware of your devotion.
You visited 2 branches of the dungeon, and saw 7 of its levels.

You collected 322 gold pieces.
You paid 56 gold pieces to Gozag.


Innate Abilities, Weirdness & Mutations

You cannot wear most types of armour.
You are amphibious.
You can wear up to eight rings at the same time.
Your skin changes colour to match your surroundings (Stealth+).
Your rubbery body absorbs attacks. (AC +1, EV +1)
((You are camouflaged when in or above water. (Stealth+)))
You have tentacles for arms and can constrict up to eight enemies at once.


   Skills:
 - Level 1.0 Fighting
 + Level 8.1 Dodging
 + Level 8.5 Unarmed Combat
 - Level 2.0 Spellcasting
 - Level 2.0 Transmutations


You had 11 spell levels left.
You knew the following spells:

 Your Spells              Type           Power      Damage    Failure   Level
b - Beastly Appendage     Tmut           18%        N/A       8%          1

Your spell library contained the following spells:

 Spells                   Type           Power      Damage    Failure   Level
 Wereblood                Tmut           9%         N/A       12%         2
 Freeze                   Ice            4%         1d3       19%         1
 Magic Dart               Conj           4%         1d3       19%         1
 Blink                    Tloc           2%         N/A       26%         2
 Call Imp                 Summ           1%         N/A       26%         2
 Spider Form              Tmut/Pois      5%         N/A       34%         3
 Frozen Ramparts          Ice            2%         1d2       47%         3
 Lesser Beckoning         Tloc           1%         N/A       47%         3
 Mephitic Cloud           Conj/Pois/Air  1%         N/A       47%         3
 Ozocubu's Armour         Ice            1%         N/A       47%         3
 Ice Form                 Ice/Tmut       5%         N/A       75%         4
 Hailstorm                Conj/Ice       1%         3d3       87%         4
 Manifold Assault         Tloc           1%         N/A       99%         5
 Ozocubu's Refrigeration  Ice            0%         4d5       100%        7

Inventory:

Hand Weapons
 q - the +7 dagger of Regicide (weapon) {vorpal, +Blink rC+ rCorr SInv}
   (You found it on level 3 of the Dungeon)

   It inflicts extra damage upon your enemies.
   rC:        It protects you from cold.
   SInv:      It lets you see invisible.
   +Blink:    It lets you blink.
   rCorr:     It protects you from acid and corrosion.
Missiles
 e - 2 throwing nets {=f!f}
 h - 127 stones
 p - 4 curare-tipped darts {=f}
 w - 3 poisoned darts
Jewellery
 A - an amulet of the acrobat (around mantle)
   (You found it on level 2 of the Dungeon)
 C - a ring of ice
   (You found it on level 5 of the Dungeon)
 G - an amulet of guardian spirit
   (You found it on level 4 of the Dungeon)
 N - a ring of positive energy (left tentacle)
   (You found it on level 1 of the Dungeon)
Wands
 n - a wand of paralysis (14)
   (You took it off Ijyb on level 3 of the Dungeon)
Scrolls
 a - 2 scrolls of enchant weapon
 b - a scroll of teleportation {@r4}
 l - a scroll of immolation {!r!r}
 m - 2 scrolls of magic mapping {unknown}
 o - 2 scrolls of identify {@r1}
 r - a scroll of blinking {unknown}
 s - a scroll of fog {unknown}
 t - a scroll of summoning {unknown}
 x - a scroll of fear {unknown}
Potions
 c - a potion of curing {unknown}
 d - 2 potions of heal wounds {unknown}
 g - a potion of cancellation {unknown}
 i - a potion of magic {unknown}
 j - 3 potions of flight {unknown}
 k - 2 potions of lignification {unknown}
 u - a potion of degeneration {unknown}
 v - a potion of berserk rage {unknown}

Dungeon Overview and Level Annotations

Branches:
Dungeon (6/15)             Temple (1/1) D:5

Altars:
Ashenzari
Cheibriados
Elyvilon
Fedhas
Gozag
Hepliaklqana
Kikubaaqudgha
Makhleb
Nemelex Xobeh
Okawaru
Qazlal
Ru
Sif Muna
Trog
Wu Jian
Xom
Yredelemnul
Zin
The Shining One

Annotations:
D:6 Prince Ribbit

##.###..###.##.#############
##.#.#.###.##.#
##.##.....##.# ###########.#
#.# #.####### #.......#
##########.#####.#
.......@F..# #########..#
#...# ##..#####.# ##.......#
#.####### #.# #'# #...#


You could see Prince Ribbit.


Message History

The gnoll sergeant completely misses you.
The gnoll closely misses you.
You hit the gnoll sergeant.
You kill the gnoll sergeant!
The gnoll hits you from afar with a +0 halberd!
You have reached level 9!
Your experience leads to an increase in your attributes!
Increase (S)trength, (I)ntelligence, or (D)exterity?
You feel clever. x2 😮 HP[-11] MP[+1]
You now have 53 max hp (+5).
You take 11 damage, and now have 37/53 hp.
MASSIVE DAMAGE!! (PAUSE)
Your mp is fully restored (12).
There is a stone staircase leading up here.
The gnoll closely misses you.
You hit the gnoll. You grab the gnoll. You squeeze the gnoll!
You kill the gnoll! 😮 HP[+1]
Things that are here:
7 gold pieces; a +0 club
Things that are here:
7 gold pieces; a +0 club The gnoll completely misses you. x2
You hit the gnoll. You grab the gnoll. You constrict the gnoll.
The gnoll completely misses you.
The gnoll hits you with a +0 spear. 😮 HP[-5]
You take 5 damage, and now have 33/53 hp.
You puncture the gnoll!
You kill the gnoll!
The gnoll misses you. 😮 HP[+1]
You closely miss the gnoll. You grab the gnoll. You constrict the gnoll.
The gnoll barely misses you.
You hit the gnoll. You constrict the gnoll. The gnoll misses you.
You hit the gnoll.
You kill the gnoll!
You now have 225 gold pieces (gained 6).
You see here a +0 spear.
You now have 231 gold pieces (gained 6).
You see here a +0 halberd. 😎 HP[+19]
Your hp is fully restored (53).
You now have 238 gold pieces (gained 7).
You see here a +0 club.
You now have 250 gold pieces (gained 12).
Things that are here:
a +0 trident; a +0 scale mail; a +0 halberd
There is an escape hatch in the floor here.
You now have 258 gold pieces (gained 8).
There is a stone staircase leading up here.
You see here a +0 dagger.
x - a scroll labelled AMATIS SOTO You see here a +0 leather armour.
You open the door.
There is an open door here.
Found a stone staircase leading down.
There is a stone staircase leading down here.
An adder comes into view.
The helpless adder fails to defend itself.
You puncture the adder! You grab the adder.
You tentacle-slap the adder, but do no damage.
You constrict the adder.
You kill the adder!
No target in view!
You now have 266 gold pieces (gained 8).
You see here a +0 whip.
Prince Ribbit comes into view.
There is an open door here.
Prince Ribbit gives a loud, deep croak!
Prince Ribbit blinks!
There is an open door here.
You close the door.
There's nothing to close nearby.
You open the door. Prince Ribbit completely misses you.
Prince Ribbit misses you.
You miss Prince Ribbit. You grab Prince Ribbit. You squeeze Prince Ribbit!
You constrict Prince Ribbit. Prince Ribbit closely misses you.
You hit Prince Ribbit. You constrict Prince Ribbit. Prince Ribbit misses you.
You hit Prince Ribbit. You constrict Prince Ribbit. Prince Ribbit hits you!
A necrophage comes into view.
Prince Ribbit hits you!!
* * * LOW HITPOINT WARNING * * *
😨 HP[-35]
You take 35 damage, and now have 18/53 hp.
MASSIVE DAMAGE!! (PAUSE)
You fade into invisibility!
You constrict Prince Ribbit. Prince Ribbit barely misses you.
You release your grip on Prince Ribbit.
Prince Ribbit completely misses you.
Prince Ribbit completely misses you. 😨 HP[+1] Prince Ribbit completely misses you.
You barely miss Prince Ribbit. Your grab misses Prince Ribbit.
Your squeeze misses Prince Ribbit.
Prince Ribbit hits you but does no damage.
Prince Ribbit closely misses you.
You barely miss Prince Ribbit. Your grab misses Prince Ribbit.
Your squeeze misses Prince Ribbit. Prince Ribbit hits you!!
You die...
Your body crumbles into a pile of gold.

Skill      XL: |  1  2  3  4  5  6  7  8 |
---------------+-------------------------+-----
Dodging        | 3 4 5 6 8 |  8.1
Unarmed Combat | 4 5 6 8 |  8.5
Fighting       | |  1.0
Spellcasting   | |  2.0
Transmutations | |  2.0

Action                   |  1- 3 |  4- 6 |  7- 9 || total
-------------------------+-------+-------+-------++-------
Melee: Unarmed           |    88 |    73 |       ||   161
       Constrict         |    23 |    28 |    18 ||    69
       Tentacles         |    13 |    29 |    18 ||    60
       Punch             |     2 |     4 |     9 ||    15
       Dagger            |       |    29 |    88 ||   117
  Use: Scroll            |       |     3 |       ||     3
       Potion            |       |       |     3 ||     3
 Stab: Sleeping          |     3 |     4 |     1 ||     8
Armor: Skin              |     9 |     4 |     3 ||    16
Dodge: Dodged            |    56 |    73 |    87 ||   216

Levels and vault maps discovered:
D:1:      dpeg_arrival_rhombus, layout_loops_cross,
          hellmonk_ecumenical_altar_crossroads, serial_rivers,
          chequers_serial_rivers_micro_c, chequers_serial_rivers_small_b,
          chequers_serial_rivers_small_a, chequers_serial_rivers_small_3
D:2:      layout_rooms, minmay_joined_circles
D:3:      layout_rooms, minmay_quadrilaterals, uniq_natasha, uniq_ijyb
D:4:      layout_basic, mainiacjoe_overflow_alcove_4, lemuel_crystal_altar,
          fedhas_ov_isle_minmay, kennysheep_mini_moat
D:5:      layout_loops_corners, minmay_temple_entry_overgrown, uniq_sigmund,
          uniq_grinder, uniq_blork_the_orc
D:6:      layout_loops_corners, uniq_prince_ribbit1
Temple:   eino_temple_scatter_basement

Notes
Turn   | Place    | Note
-------+----------+-------------------------------------------
     0 | D:1      | esteth the Octopode Transmuter began the quest for the Orb.
     0 | D:1      | Reached XP level 1. HP: 13/13 MP: 3/3
     0 | D:1      | magus.rc [v1.11.3]
   316 | D:1      | Reached XP level 2. HP: 14/18 MP: 5/5
   653 | D:1      | HP: 4/18 [bat (1)]
   658 | D:1      | HP: 4/18 [bat (1)]
   663 | D:1      | HP: 3/18 [constriction (1)]
  1073 | D:1      | Reached XP level 3. HP: 23/23 MP: 6/6
  1372 | D:1      | Found a faded altar of an unknown god.
  1615 | D:2      | Reached skill level 3 in Dodging
  2297 | D:2      | Reached XP level 4. HP: 28/28 MP: 7/7
  2300 | D:2      | Reached skill level 4 in Unarmed Combat
  2407 | D:2      | You pick up a book of Minor Magic and begin reading...
  2407 | D:2      | You add the spells Magic Dart, Call Imp and Mephitic Cloud
                  | to your library.
  2613 | D:3      | Noticed Natasha
  2631 | D:3      | Killed Natasha
  2858 | D:3      | You pick up a book of Spatial Translocations and begin
                  | reading...
  2858 | D:3      | You add the spells Blink, Lesser Beckoning and Manifold
                  | Assault to your library.
  2867 | D:3      | Noticed Ijyb
  2873 | D:3      | Killed Ijyb
  2874 | D:3      | Reached XP level 5. HP: 28/33 MP: 8/8
  2888 | D:3      | Noticed Natasha
  2898 | D:3      | Killed Natasha
  2899 | D:3      | Reached skill level 4 in Dodging
  3240 | D:3      | Identified the +7 dagger of Regicide {vorpal, +Blink rC+
                  | rCorr SInv}
  3359 | D:4      | Found a broken altar of Ashenzari.
  3369 | D:4      | Noticed a black bear
  3376 | D:4      | Killed a black bear
  3377 | D:4      | Reached skill level 5 in Unarmed Combat
  3377 | D:4      | Reached XP level 6. HP: 28/38 MP: 9/9
  3583 | D:4      | Found a hazy altar of Hepliaklqana.
  3714 | D:4      | Found a sacrificial altar of Ru.
  3729 | D:4      | Reached skill level 5 in Dodging
  3797 | D:4      | Found a blossoming altar of Fedhas.
  3898 | D:4      | Reached XP level 7. HP: 34/43 MP: 10/10
  4102 | D:4      | You add the spells Ozocubu's Armour and Ozocubu's
                  | Refrigeration to your library.
  4301 | D:4      | Reached skill level 6 in Unarmed Combat
  4627 | D:5      | Entered Level 5 of the Dungeon
  4847 | D:5      | Noticed Grinder
  4858 | D:5      | Paralysed by Grinder for 4 turns
  4862 | D:5      | HP: 7/43 [Grinder (7)]
  4863 | D:5      | Killed Grinder
  4864 | D:5      | Reached skill level 6 in Dodging
  4864 | D:5      | Reached XP level 8. HP: 9/48 MP: 11/11
  5141 | D:5      | Reached skill level 7 in Unarmed Combat
  5458 | D:5      | Noticed Blork the orc
  5479 | D:5      | Reached skill level 7 in Dodging
  5485 | D:5      | Killed Blork the orc
  5796 | D:5      | Found a staircase to the Ecumenical Temple.
  5805 | Temple   | Entered the Ecumenical Temple
  5906 | Temple   | Became a worshipper of Gozag Ym Sagoz the Greedy
  5934 | D:5      | Identified a +2 robe of the Archmagi
  5934 | D:5      | Noticed Sigmund
  5944 | D:5      | Killed Sigmund
  5945 | D:5      | Reached skill level 8 in Unarmed Combat
  6231 | D:5      | You pick up a book of Frost and begin reading...
  6231 | D:5      | You add the spells Freeze, Frozen Ramparts and Hailstorm to
                  | your library.
  6232 | D:5      | magus.rc [v1.11.3]
  6681 | D:6      | Reached skill level 8 in Dodging
  6688 | D:6      | Reached XP level 9. HP: 37/53 MP: 12/12
  6998 | D:6      | Noticed Prince Ribbit
  7019 | D:6      | Slain by Prince Ribbit

Vanquished Creatures
  Grinder (D:5)
  Sigmund (D:5)
  2 water moccasins (D:5)
  An ice beast (D:5)
  2 black bears
  An ogre (D:4)
  A centaur (D:5)
  A phantom (D:4)
  A kobold brigand (D:5)
  Blork the orc (D:5)
  A gnoll sergeant (D:6)
  A scorpion (D:4)
  A hound (D:5)
  A jelly (D:4)
  Ijyb (D:3)
  An orc wizard (D:5)
  Natasha (twice) (D:3)
  4 gnolls (D:6)
  8 adders
  5 dart slugs
  A worm (D:3)
  4 orcs
  7 endoplasms
  7 hobgoblins
  A jackal (D:3)
  2 quokkas
  6 ball pythons
  8 bats
  6 frilled lizards
  13 goblins
  14 kobolds
  4 rats
110 creatures vanquished.

Table legend:
 A = Non-vault XP
 B = Vault XP
 C = Vault XP percentage of total XP
 D = Non-vault monster count
 E = Vault monster count
 F = Vault count percentage of total count
                 A         B        C        D         E       F
            +---------+---------+-------+---------+---------+-------
      Total |    1728 |     683 |  28.3 |      93 |      17 |  15.5
            +---------+---------+-------+---------+---------+-------
        D:1 |      45 |       0 |   0.0 |      24 |       0 |   0.0
        D:2 |      41 |      15 |  26.8 |      18 |       7 |  28.0
        D:3 |      89 |      82 |  48.0 |      17 |       7 |  29.2
        D:4 |     519 |       0 |   0.0 |      10 |       0 |   0.0
        D:5 |     882 |     586 |  39.9 |      18 |       3 |  14.3
        D:6 |     152 |       0 |   0.0 |       6 |       0 |   0.0
            +---------+---------+-------+---------+---------+-------

Illustrated notes

Table legend:
 A = Kills in this place as a percentage of kills in entire the game.
 B = Kills by you in this place as a percentage of kills by you in the entire game.
 C = Kills by friends in this place as a percentage of kills by friends in the entire game.
 D = Other kills in this place as a percentage of other kills in the entire game.
 E = Experience gained in this place as a percentage of experience gained in the entire game.
 F = Experience gained in this place divided by the number of levels of this place that you have seen.
                   A       B       C       D       E      F
               +-------+-------+-------+-------+-------+----------------------
         Total | 100.0 | 100.0 |   N/A |   N/A | 100.0 | 344.4
       Dungeon | 100.0 | 100.0 |   N/A |   N/A | 100.0 | 401.8
               +-------+-------+-------+-------+-------+----------------------

Table legend: (Time is in decaauts)
 A = Elapsed time spent in this place.
 B = Non-inter-level travel time spent in this place.
 C = Inter-level travel time spent in this place.
 D = Time resting spent in this place.
 E = Time spent auto-exploring this place.
 F = Levels seen in this place.
 G = Mean time per level.
                   A        B        C        D        E       F      G
               +--------+--------+--------+--------+--------+-----+--------+
         Total |   7014 |   6903 |    111 |      0 |   6125 |   7 | 1002.0 |
       Dungeon |   6894 |   6802 |     92 |      0 |   6043 |   6 | 1149.0 |
        Temple |    119 |    101 |     18 |      0 |     82 |   1 |  119.0 |
               +--------+--------+--------+--------+--------+-----+--------+

Top non-repeatable levels by time:
     D:5: 1903 daAuts
     D:1: 1453 daAuts
     D:4: 1269 daAuts
     D:2: 1013 daAuts
     D:3: 885 daAuts
     D:6: 368 daAuts
  Temple: 119 daAuts
